 Dungeon Crawl Stone Soup version 0.20-a0-949-g916514f (webtiles) character file.

226 AlphabetPasta the Skirmisher (level 5, -8/25 HPs)
             Began as a Felid Chaos Knight on Apr 4, 2017.
             Mangled by an ice beast (12 damage)
             ... on level 8 of the Dungeon.
             The game lasted 00:18:19 (3405 turns).

AlphabetPasta the Skirmisher (Felid Chaos Knight)   Turns: 3405, Time: 00:18:20

Health: -8/25      AC:  4    Str: 11    XL:     5   Next: 69%
Magic:  7/7        EV: 19    Int: 18    God:    Xom [...*..]
Gold:   220        SH:  0    Dex: 14    Spells: 2/5 levels left
                                        Lives:  0   Deaths: 1

rFire    . . .     SeeInvis +     - Unarmed
rCold    . . .     Gourm    .   (shield unavailable)
rNeg     . . .     Faith    .   (armour unavailable)
rPois    +         Spirit   .   (helmet unavailable)
rElec    .         Reflect  .   (cloak unavailable)
rCorr    .         Harm     .   (gloves unavailable)
MR       .....                  (boots unavailable)
Stlth    +++++.....             (no amulet)
Regen    0.1/turn               h - ring of poison resistance
MPRegen  0.1/turn               k - +3 ring of protection

@: brilliant, especially stealthy, quick
A: no armour, no weapons or thrown items, stealth, claws 1, fangs 3, see
invisible, carnivore 3, clumsy 1, speed 1, shaggy fur 1, slow metabolism 1,
strong 1, evolution 1, sharp paws
a: Renounce Religion


You were on level 8 of the Dungeon.
You worshipped Xom.
You were a favourite toy of Xom.
You were completely stuffed.

You visited 1 branch of the dungeon, and saw 6 of its levels.

You collected 220 gold pieces.

Inventory:

Jewellery
 h - a ring of poison resistance (left paw)
 k - a +3 ring of protection (right paw)
Wands
 f - a wand of polymorph (18/24)
Scrolls
 d - 4 scrolls of identify
 e - 3 scrolls of remove curse
 i - a scroll of recharging
Books
 g - a book of Maledictions

   Spells                             Type                      Level
   a - Corona                         Hexes                        1
   b - Ensorcelled Hibernation        Hexes/Ice                    2
   c - Confuse                        Hexes                        3
   d - Tukima's Dance                 Hexes                        3
   e - Dazzling Spray                 Conjuration/Hexes            3
Comestibles
 a - 5 meat rations
 b - 2 royal jellies
 c - 2 chunks of flesh


   Skills:
 * Level 4.4 Fighting
 + Level 4.3 Dodging
 + Level 3.0 Stealth
 * Level 4.3 Unarmed Combat
 + Level 0.8 Spellcasting
 + Level 2.4 Hexes
 + Level 1.0 Ice Magic
 + Level 0.0 Evocations


You had 2 spell levels left.
You knew the following spells:

 Your Spells              Type           Power        Failure   Level  Hunger
a - Corona                Hex            ###....      1%          1    ##.....
b - Ensorcelled Hibernat  Hex/Ice        ###...       2%          2    ###....


Dungeon Overview and Level Annotations

Branches:
Dungeon (5/15)
 Temple: D:4-7

Altars:
Ashenzari
Cheibriados
Elyvilon
Fedhas
Kikubaaqudgha
Makhleb
Okawaru
Uskayaw

Annotations:
D:4 Oroborous's ghost, amateur DrTm


Innate Abilities, Weirdness & Mutations

You cannot wear armour.
You are incapable of wielding weapons or throwing items.
Your paws allow you to move quietly. (Stealth)
You have sharp claws.
You have razor-sharp teeth.
You have supernaturally acute eyesight. (SInv)
You are carnivorous and can eat meat at any time.
You cover ground quickly.
You are covered in fur. (AC +1)
You have a slow metabolism.
Your sharp claws are effective at attacking unaware monsters.
You are clumsy. (Dex -2)
Your muscles are strong. (Str +2)
You evolve.


Message History

The ice beast is severely wounded.
The ice beast closely misses you.
You scratch the ice beast but do no damage.
The ice beast is severely wounded.
The ice beast barely misses you.
Evoke which item? (* to show all) (? for menu, Esc to quit)
Okay, then.
You barely miss the ice beast.
You bite the ice beast, but do no damage.
The ice beast is severely wounded.
The ice beast misses you.
You scratch the ice beast.
The ice beast is severely wounded.
The ice beast misses you.
You scratch the ice beast.
The ice beast is almost dead.
The ice beast hits you.
* * * LOW HITPOINT WARNING * * *
The ice beast freezes you!
You die...

+# # .# #. .# #.###
##.## ...# ##...##
#.#####.....#
#...@Y.#...##
#.###.##.........#
#.....##...##.>.....
############ ....###
.#### .# .#


You could see an ice beast.

Vanquished Creatures
  2 crimson imps
  An orc priest (D:4)
  3 worker ants
  3 adders
  2 oozes
  A worm (D:3)
  2 dart slugs
  A leopard gecko (D:5)
  7 orcs
  3 ball pythons
  4 giant cockroaches
  7 hobgoblins
  4 jackals (D:3)
  A quokka (D:4)
  4 bats
  4 goblins
  5 kobolds
  A leopard gecko skeleton (D:5)
  6 rats
61 creatures vanquished.

Vanquished Creatures (collateral kills)
  2 bullfrog zombies (D:5)
  A quokka zombie (D:5)
3 creatures vanquished.

Vanquished Creatures (others)
  A rat (D:2)
1 creature vanquished.

Grand Total: 65 creatures vanquished

Notes
Turn   | Place    | Note
-------+----------+-------------------------------------------
     0 | D:1      | AlphabetPasta the Felid Chaos Knight began the quest for the Orb.
     0 | D:1      | Reached XP level 1. HP: 10/10 MP: 2/2
   262 | D:1      | Reached XP level 2. HP: 14/14 MP: 3/3
   446 | D:1      | XOM: harmless Hex miscast
   532 | D:1      | Reached skill level 1 in Stealth
   585 | D:1      | XOM is BORED!
   585 | D:1      | XOM: mild Pois miscast
   675 | D:2      | Found a white marble altar of Elyvilon.
   903 | D:2      | Reached XP level 3. HP: 17/17 MP: 4/4
  1035 | D:2      | Found a snail-covered altar of Cheibriados.
  1036 | D:2      | Found a burning altar of Makhleb.
  1036 | D:2      | Found an iron altar of Okawaru.
  1037 | D:2      | Found an ancient bone altar of Kikubaaqudgha.
  1063 | D:2      | Found a hide-covered altar of Uskayaw.
  1117 | D:2      | XOM: noise
  1175 | D:2      | XOM: harmless Pois miscast
  1614 | D:3      | Learned a level 1 spell: Corona
  1689 | D:3      | Reached XP level 4. HP: 12/21 MP: 5/5
  1694 | D:3      | XOM: harmless Air miscast
  1795 | D:3      | Found a shattered altar of Ashenzari.
  2062 | D:3      | Found a blossoming altar of Fedhas.
  2123 | D:4      | Learned a level 2 spell: Ensorcelled Hibernation
  2166 | D:4      | Noticed Oroborous's ghost (amateur DrTm)
  2277 | D:4      | XOM: divination: magic mapping
  2309 | D:4      | XOM: 1-stop teleportation journey
  2319 | D:4      | Reached skill level 1 in Hexes
  2418 | D:4      | Reached XP level 5. HP: 14/25 MP: 6/6
  2573 | D:4      | Gained mutation: Your spells are a little easier to cast, but a little less powerful. [potion of mutation]
  2573 | D:4      | Gained mutation: Your body sometimes deteriorates upon taking damage. [potion of mutation]
  2573 | D:4      | Gained mutation: You evolve. [potion of mutation]
  2573 | D:4      | Gained mutation: Your mind is acute. (Int +2) [potion of mutation]
  2626 | D:4      | Killed from afar by an orc wizard
  2627 | D:4      | Reached XP level 4. HP: 0/22 MP: 5/5
  2671 | D:4      | XOM: mild Necr miscast
  2729 | D:3      | XOM: god gift: 41 gold pieces
  2883 | D:5      | Entered Level 5 of the Dungeon
  2960 | D:5      | XOM: cloud trail
  3002 | D:5      | XOM: summons 2 friendly demons
  3010 | D:5      | Reached XP level 5. HP: 4/25 MP: 7/7
  3027 | D:5      | Reached skill level 1 in Ice Magic
  3310 | D:5      | Lost mutation: Your body sometimes deteriorates upon taking damage. [potion of mutation]
  3310 | D:5      | Lost mutation: Your mind is acute. (Int +2) [potion of mutation]
  3310 | D:5      | Lost mutation: Your spells are a little easier to cast, but a little less powerful. [potion of mutation]
  3310 | D:5      | Gained mutation: You are clumsy. (Dex -2) [potion of mutation]
  3310 | D:5      | Gained mutation: Your muscles are strong. (Str +2) [potion of mutation]
  3380 | D:5      | You fall through a shaft for 3 floors!
  3380 | D:8      | XOM: stealth player
  3391 | D:8      | Noticed an ice beast
  3405 | D:8      | Mangled by an ice beast

Vault maps used:
D:1:      dpeg_arrival_windows_large_door, minmay_misc_feat_hallway
D:2:      lemuel_doored_altar, chequers_temple_overflow_statue_of_worship,
          elyvilon_altar_4
D:3:      nicolae_overflow_crystal_walls, first_bread, fedhas_altar_fruit_tree
D:5:      serial_undead, serial_undead_b, serial_undead_d, serial_undead_f,
          serial_undead_e
D:8:      zin_treasury, david_nohive_1

Skill      XL: |  1  2  3  4  5 |
---------------+----------------+-----
Stealth        | 1 2 3 |  3.0
Dodging        | 4 |  4.3
Hexes          | 1 2 |  2.4
Unarmed Combat | 4 |  4.3
Fighting       | 4 |  4.4
Ice Magic      | 1 |  1.0
Spellcasting   | |  0.8

Action                   |  1- 3 |  4- 6 || total
-------------------------+-------+-------++-------
Melee: Unarmed           |    91 |   100 ||   191
       Bite              |     7 |     6 ||    13
       Punch             |     1 |     2 ||     3
 Cast: Corona            |       |     1 ||     1
  Use: Scroll            |     6 |     2 ||     8
       Potion            |     6 |     4 ||    10
 Stab: Sleeping          |    11 |     5 ||    16
  Eat: Chunk             |     9 |     8 ||    17
Armor: Skin              |     7 |     3 ||    10
Dodge: Dodged            |    64 |    54 ||   118
